 Dungeon Crawl Stone Soup version 0.21.0-3-g78d12a8 (webtiles) character file.

117 barbarian the Ducker (level 4, -2/35 HPs)
             Began as a Demonspawn Gladiator on Jan 16, 2018.
             Killed from afar by an orc wizard (5 damage)
             ... with a magic dart
             ... on level 3 of the Dungeon.
             The game lasted 00:03:15 (1557 turns).

barbarian the Ducker (Demonspawn Gladiator)         Turns: 1557, Time: 00:03:15

Health: -2/35      AC:  8    Str: 16    XL:     4   Next: 71%
Magic:  4/4        EV:  9    Int:  9    God:
Gold:   173        SH:  7    Dex: 14    Spells: 3/3 levels left

rFire    + . .     SeeInvis .   a - +0 long sword
rCold    . . .     Gourm    .   t - +0 shield
rNeg     . . .     Faith    .   p - +0 ring mail {rF+}
rPois    .         Spirit   .   c - +0 helmet
rElec    .         Reflect  .   (no cloak)
rCorr    .         Harm     .   h - +0 pair of gloves
MR       .....                  v - +0 pair of boots
Stlth    +.........             u - amulet of magic regeneration
HPRegen  0.11/turn              k - ring of flight
MPRegen  0.34/turn              (no ring)

@: no status effects
A: claws 1
a: Evoke Flight


You were on level 3 of the Dungeon.
You were hungry.

You visited 1 branch of the dungeon, and saw 3 of its levels.

You collected 173 gold pieces.

Inventory:

Hand Weapons
 a - a +0 long sword (weapon)
Missiles
 d - 3 throwing nets (quivered)
Armour
 c - a +0 helmet (worn)
 h - a +0 pair of gloves (worn)
 p - a +0 ring mail of fire resistance (worn)
 t - a +0 shield (worn)
 v - a +0 pair of boots (worn)
Jewellery
 k - a ring of flight (left hand)
 u - an amulet of magic regeneration (around neck)
 x - an uncursed ring of wizardry {unknown}
Wands
 m - a wand of polymorph (12)
Scrolls
 b - a scroll of magic mapping {unknown}
 e - 2 scrolls of enchant weapon {unknown}
 g - 2 scrolls of identify {unknown}
 i - 4 scrolls of remove curse {unknown}
 l - a scroll of teleportation {unknown}
 q - a scroll of blinking {unknown}
 r - a scroll of enchant armour {unknown}
Potions
 j - 2 potions of lignification {unknown}
 n - a potion of curing {unknown}
 o - a potion of invisibility {unknown}
 s - a potion of mutation {unknown}
 w - a potion of resistance {unknown}
Comestibles
 f - 6 rations


   Skills:
 + Level 3.0 Fighting
 + Level 3.3 Long Blades
 - Level 1.7 Throwing
 + Level 1.7 Armour
 + Level 3.4 Dodging
 + Level 0.2 Shields


You had 3 spell levels left.
You didn't know any spells.

Dungeon Overview and Level Annotations

Branches:
Dungeon (3/15)

Altars:
Hepliaklqana


Innate Abilities, Weirdness & Mutations

You have sharp fingernails.


Message History

You hit the bat.
You kill the bat!
Something hits you but does no damage.
The orc priest calls down the wrath of Beogh upon you.
Beogh smites you!
* * * LOW HITPOINT WARNING * * *
The dart slug barely misses you. Something hits you.
* * * LOW HITPOINT WARNING * * *
There is an open door, spattered with blood here.
You see here a bat corpse.
Something hits you but does no damage.
You hear some strange, mumbled words.
A puff of frost appears from out of thin air!
The puff of frost hits you!
* * * LOW HITPOINT WARNING * * *
Something hits you but does no damage. Something hits you but does no damage.
A magic dart appears from out of thin air!
The magic dart hits you!
You die...

#.# ...... #..
#+#####.#..)
#####.###.......#.##
................†...
####.#...#####.#...
#.#.### #)))# ..
#...# #.#†#
######..# #<#...
#..@....# ###.##.. .
#.#####.# #.# . ..
#.# #..# #.# ... #.#
##.# #.# ....###.#
.# ..# .......w## .#
.........# ..
........J### .#
.........†.# #..##


There were no monsters in sight!

Vanquished Creatures
  A bullfrog skeleton (D:2)
  An adder (D:2)
  An ooze (D:3)
  A dart slug (D:1)
  2 leopard geckos
  11 bats
  3 giant cockroaches
  11 goblins
  8 hobgoblins
  3 jackals (D:1)
  10 kobolds
  A quokka (D:3)
  8 frilled lizards
  7 rats
68 creatures vanquished.

Notes
Turn   | Place    | Note
-------+----------+-------------------------------------------
     0 | D:1      | barbarian the Demonspawn Gladiator began the quest for the Orb.
     0 | D:1      | Reached XP level 1. HP: 16/16 MP: 1/1
   148 | D:1      | Gained mutation: You have sharp fingernails. [demonic ancestry]
   148 | D:1      | Reached XP level 2. HP: 21/22 MP: 2/2
   386 | D:1      | Reached skill level 1 in Armour
   473 | D:1      | Reached XP level 3. HP: 26/28 MP: 3/3
  1184 | D:2      | Found a hazy altar of Hepliaklqana.
  1190 | D:2      | Reached XP level 4. HP: 34/34 MP: 4/4
  1557 | D:3      | Killed from afar by an orc wizard

Skill      XL: |  1  2  3  4 |
---------------+-------------+-----
Dodging        | 3 |  3.4
Armour         | 1 |  1.7
Long Blades    | 3 |  3.3
Fighting       | 3 |  3.0
Throwing       | |  1.7
Shields        | |  0.2

Action                   |  1- 3 |  4- 6 || total
-------------------------+-------+-------++-------
Melee: Long sword        |   122 |    55 ||   177
 Stab: Sleeping          |     1 |       ||     1
  Eat: Chunk             |       |     2 ||     2
Armor: Leather armour    |    34 |       ||    34
       Ring mail         |    15 |    38 ||    53
Dodge: Dodged            |   126 |    43 ||   169
Block: Shield            |       |    20 ||    20
       Rpst.: Long sword |    43 |    12 ||    55
